 Dungeon Crawl Stone Soup version 0.28.0-1-gb440e238dd (webtiles) character file.

Game seed: 17331043712558627794

5457 avis the Cleaver (level 10, -1/93 HPs)
             Began as a Hill Orc Monk on Feb 20, 2022.
             Was a Priest of Beogh.
             Shot with an arrow by a centaur warrior (11 damage)
             ... on level 9 of the Dungeon.
             The game lasted 00:54:31 (11238 turns).

avis the Cleaver (Hill Orc Monk)                   Turns: 11238, Time: 00:54:32

Health: -1/93      AC: 11    Str: 19    XL:     10   Next: 68%
Magic:  13/13      EV:  6    Int: 10    God:    Beogh [***...]
Gold:   457        SH: 11    Dex: 13    Spells: 9/9 levels left

rFire   . . .      SeeInvis .   a - +2 whip (elec)
rCold   + . .      Faith    +   r - +0 kite shield
rNeg    . . .      Spirit   .   y - +1 chain mail {rC+}
rPois   .          Reflect  .   H - +0 helmet
rElec   .          Harm     .   u - +0 cloak
rCorr   .          Rampage  .   (no gloves)
Will    .....                   (no boots)
Stlth   ..........              w - amulet of faith
HPRegen 0.25/turn               (no ring)
MPRegen 0.13/turn               (no ring)

@: no status effects
A: no striking features
a: Renounce Religion, Smiting


You were on level 9 of the Dungeon.
You worshipped Beogh.
Beogh was most pleased with you.
You visited 3 branches of the dungeon, and saw 11 of its levels.

You collected 457 gold pieces.

Inventory:

Hand Weapons
 a - a +2 whip of electrocution (weapon)
 b - a +2 vorpal flail
 d - a +1 spectral quarterstaff
 j - a +0 war axe
 m - a +0 flail of draining
Missiles
 i - 26 sling bullets
 z - 25 stones (quivered)
Armour
 k - a +0 leather armour of fire resistance
 r - a +0 kite shield (worn)
 u - a +0 cloak (worn)
 y - a +1 chain mail of cold resistance (worn)
 H - a +0 helmet (worn)
Jewellery
 l - an amulet of regeneration
 t - a ring of protection from cold
 w - an amulet of faith (around neck)
Wands
 p - a wand of acid (4)
 v - a wand of iceblast (9)
 B - a wand of flame (10)
 I - a wand of charming (8)
Scrolls
 c - a scroll of magic mapping {unknown}
 f - 4 scrolls of teleportation
 g - 3 scrolls of amnesia {unknown}
 n - 2 scrolls of immolation {unknown}
 o - a scroll of holy word {unknown}
 q - 2 scrolls of silence {unknown}
 s - a scroll of enchant armour {unknown}
 x - a scroll of brand weapon {unknown}
 N - a scroll of fear {unknown}
Potions
 e - 2 potions of curing
 h - a potion of might
 A - a potion of flight {unknown}
 D - a potion of lignification
 E - a potion of invisibility {unknown}
 G - 3 potions of heal wounds {unknown}
 J - 2 potions of degeneration {unknown}


   Skills:
 - Level 10.0 Fighting
 - Level 12.0 Axes
 - Level 2.4 Dodging
 - Level 1.5 Stealth
 * Level 10.4 Shields
 - Level 5.0 Invocations


You had 9 spell levels left.
You didn't know any spells.
Your spell library contained the following spells:

 Spells                   Type           Power      Damage    Failure   Level
 Animate Skeleton         Necr           0%         N/A       100%        1
 Magic Dart               Conj           0%         1d3       100%        1
 Pain                     Necr           0%         1d4       100%        1
 Sandblast                Erth           0%         2d4       100%        1
 Call Imp                 Summ           0%         N/A       100%        2
 Passwall                 Tmut/Erth      0%         N/A       100%        2
 Mephitic Cloud           Conj/Pois/Air  0%         N/A       100%        3
 Stone Arrow              Conj/Erth      0%         3d7       100%        3
 Vampiric Draining        Necr           0%         2d6       100%        3


Dungeon Overview and Level Annotations

Branches:
Dungeon (9/15)             Temple (1/1) D:5            Lair (1/6) D:8
    Orc: D:9-12

Altars:
Ashenzari
Cheibriados
Dithmenos
Elyvilon
Fedhas
Gozag
Hepliaklqana
Kikubaaqudgha
Makhleb
Nemelex Xobeh
Qazlal
Ru
Sif Muna
Trog
Uskayaw
Vehumet
Wu Jian
Xom
Yredelemnul
Zin
The Shining One

Shops:
D:7 *

Annotations:
D:4 1 runed translucent door, exclusion: door


Message History

The cyan ugly thing is moderately wounded.
The cyan ugly thing barely misses you.
You hit the cyan ugly thing.
The cyan ugly thing is heavily wounded.
The cyan ugly thing headbutts you. The cyan ugly thing shocks you!
You completely miss the cyan ugly thing.
The cyan ugly thing is moderately wounded.
The cyan ugly thing headbutts you. The cyan ugly thing shocks you!
* * * LOW HITPOINT WARNING * * *
There is an open door, spattered with blood here.
You block the cyan ugly thing's attack.
There is an open door here.
The cyan ugly thing headbutts you but does no damage.
There is an open door, spattered with blood here.
A killer bee comes into view.
The killer bee moves out of view.
The cyan ugly thing headbutts you but does no damage.
Found a potion of curing.
You block the killer bee's attack. The killer bee barely misses you.
You block the centaur zombie's attack.
The centaur zombie kicks you but does no damage.
A centaur warrior comes into view.
The centaur warrior wields a +0 shortbow.
The centaur warrior shoots an arrow.
You block the arrow.
The killer bee stings you but does no damage.
You block the killer bee's attack.
The centaur warrior unwields a +0 shortbow.
The centaur warrior hits you!
* * * LOW HITPOINT WARNING * * *
The centaur warrior kicks you but does no damage.
Found 7 gold pieces and a yellow potion.
The centaur warrior wields a +0 shortbow.
The centaur warrior shoots an arrow.
The arrow hits you!
* * * LOW HITPOINT WARNING * * *
You block the killer bee's attack.
You feel better. The killer bee stings you.
* * * LOW HITPOINT WARNING * * *
The centaur warrior shoots an arrow.
You block the arrow. You block the killer bee's attack.
The centaur warrior shoots an arrow.
The arrow hits you!
You die...

......####...####.....#..#.....#.
.....##.........##....#..#.<[[.#.
....######...######...#..'.....#.
...## ##.## !##..#..#.....#.
....# ###.### .#......#.....#.
.#.## #.....###.##.#...###'###.
#### ##.....##c..####.......... #
........Zuy......##......... ####
..##.....##@!.####...#######
.#.##. #.....###.##.#....#......
....# ###.### .#.......#......
#..## #.# $##......#...... #...##
.. ##.......#...... .....## ...
##........#...... ......####
####..#......#...... .......#.##
##.#...#......##+#### ..........#
#......#.............


You could see a cyan ugly thing, a centaur warrior, a killer bee and a centaur
zombie.

Vanquished Creatures
  A two-headed ogre (D:9)
  A troll (D:9)
  A wyvern (D:9)
  A wraith (D:9)
  5 yaks
  3 vampire mosquitoes (D:8)
  A steam dragon (D:8)
  2 water moccasins
  Edmund (D:5)
  A black bear (D:4)
  3 orc warriors
  A necrophage (D:4)
  An ogre (D:6)
  A centaur (D:5)
  A kobold brigand (D:7)
  A bullfrog (D:6)
  2 scorpions (D:6)
  2 wyvern skeletons
  A howler monkey (D:9)
  4 centaur zombies
  2 centaur skeletons
  3 hounds
  4 jellies
  2 orc priests
  4 iguanas
  4 orc wizards
  A hound zombie (D:5)
  A hound skeleton (D:5)
  A howler monkey zombie (D:9)
  5 adders
  2 shadow imps
  5 white imps
  An adder skeleton (D:4)
  5 dart slugs
  26 orcs
  3 endoplasms
  3 goblins
  6 hobgoblins
  4 jackals (D:1)
  7 kobolds
  3 quokkas
  11 ball pythons
  10 bats
  2 frilled lizards
  5 rats
154 creatures vanquished.

Vanquished Creatures (collateral kills)
  A two-headed ogre (D:8)
  A komodo dragon (D:7)
  A steam dragon (D:7)
  An acid dragon (D:8)
  A centaur (D:8)
  2 bullfrogs (D:8)
  An orc wizard (D:7)
  An iguana (D:6)
  A kobold (D:7)
10 creatures vanquished.

Vanquished Creatures (others)
  An orc knight (D:8)
  An orc warrior (D:8)
  3 orc wizards
  3 orcs
8 creatures vanquished.

Grand Total: 172 creatures vanquished

Notes
Turn   | Place    | Note
-------+----------+-------------------------------------------
     0 | D:1      | avis the Hill Orc Monk began the quest for the Orb.
     0 | D:1      | Reached XP level 1. HP: 19/19 MP: 1/1
    64 | D:1      | Noticed a shining eye
    68 | D:1      | Noticed a great orb of eyes
   107 | D:1      | Noticed a shining eye
   115 | D:1      | Found a faded altar of an unknown god.
   133 | D:1      | Noticed a golden eye
   287 | D:1      | Reached XP level 2. HP: 27/27 MP: 2/2
   753 | D:1      | Reached skill level 5 in Axes
  1079 | D:2      | Reached XP level 3. HP: 20/33 MP: 3/3
  1633 | D:2      | Reached skill level 5 in Fighting
  1934 | D:2      | Reached XP level 4. HP: 21/36 MP: 4/4
  2722 | D:3      | Became a worshipper of Beogh the Brigand
  2722 | D:3      | Reached * piety under Beogh
  2722 | D:3      | Reached ** piety under Beogh
  3207 | D:3      | Reached skill level 6 in Axes
  3270 | D:4      | Reached XP level 5. HP: 42/47 MP: 5/5
  3637 | D:4      | Reached skill level 7 in Axes
  3786 | D:4      | Noticed a black bear
  3793 | D:4      | Killed a black bear
  3794 | D:4      | Reached XP level 6. HP: 52/57 MP: 6/6
  4007 | D:4      | Noticed a necrophage
  4018 | D:4      | Killed a necrophage
  4019 | D:4      | Reached skill level 8 in Axes
  4091 | D:4      | Found a sparkling altar of Nemelex Xobeh.
  4604 | D:4      | Found a runed translucent door.
  4658 | D:5      | Entered Level 5 of the Dungeon
  4738 | D:5      | Reached XP level 7. HP: 56/64 MP: 7/7
  4900 | D:5      | Noticed Edmund
  4911 | D:5      | Killed Edmund
  5010 | D:5      | Found a staircase to the Ecumenical Temple.
  5039 | D:5      | Reached skill level 9 in Axes
  5052 | Temple   | Entered the Ecumenical Temple
  5518 | D:5      | Found a basalt altar of Yredelemnul.
  5519 | D:5      | Found a hazy altar of Hepliaklqana.
  6045 | D:6      | Found an ornate altar of the Wu Jian Council.
  6052 | D:6      | Reached skill level 1 in Invocations
  6072 | D:6      | Reached XP level 8. HP: 73/74 MP: 8/10
  6397 | D:6      | Reached *** piety under Beogh
  6598 | D:6      | Found a bloodstained altar of Trog.
  6609 | D:6      | Reached skill level 5 in Invocations
  7048 | D:6      | Reached skill level 10 in Axes
  8059 | D:7      | Reached skill level 11 in Axes
  8059 | D:7      | Reached XP level 9. HP: 76/83 MP: 12/12
  8341 | D:7      | Noticed a komodo dragon
  8356 | D:7      | Killed a komodo dragon
  8444 | D:7      | Reached skill level 10 in Fighting
  8733 | D:7      | Found Timilix's General Store.
  8752 | D:7      | Reached skill level 12 in Axes
  9051 | D:8      | Reached skill level 1 in Shields
  9071 | D:8      | Noticed a two-headed ogre
  9081 | D:8      | Killed a two-headed ogre
  9104 | D:8      | Found a staircase to the Lair.
  9213 | D:8      | Reached **** piety under Beogh
  9593 | D:8      | Reached skill level 5 in Shields
  9663 | D:8      | Found a glowing silver altar of Zin.
  9663 | D:8      | Found a faded altar of an unknown god.
  9670 | D:8      | Found an opulent altar of Gozag.
  9672 | D:8      | Found a shadowy altar of Dithmenos.
  9673 | D:8      | Found a glowing golden altar of the Shining One.
  9949 | D:8      | Reached XP level 10. HP: 12/93 MP: 7/13
 10178 | Lair:1   | Entered Level 1 of the Lair of Beasts
 10530 | D:9      | Noticed a two-headed ogre
 10541 | D:9      | HP: 2/93 [two-headed ogre (6)]
 10683 | D:9      | Killed a two-headed ogre
 10684 | D:9      | Reached skill level 10 in Shields
 11180 | D:9      | Noticed a cyan ugly thing
 11235 | D:9      | Noticed a centaur warrior
 11237 | D:9      | HP: 1/93 [centaur warrior/arrow (14)]
 11238 | D:9      | Shot with an arrow by a centaur warrior

Illustrated notes

Levels and vault maps discovered:
D:1:      heliophobic_arrival_dark_side_of_the_moon, layout_basic,
          hellmonk_ecumenical_altar_watching_god
D:2:      layout_loops_ring, amethyst_killhole, minmay_ruptured
D:3:      layout_basic
D:4:      layout_loops_ring, mainiacjoe_overflow_24_doors,
          uniq_crazy_yiuf_cottage
D:5:      layout_cave_pools, mainiacjoe_overflow_divided_tiny,
          minmay_temple_entry_mini_moons, chequers_serial_rivers_small_b,
          roderic_batcave, uniq_edmund
D:6:      layout_basic, trog_butcher_becter, nicolae_wu_jian_immortal_techniques
D:7:      layout_loops_corners, serial_shops, shop
D:8:      layout_loops_ring, chequers_temple_overflow_minitemple,
          lair_entry_dummy, hex_medium, columned_hall_lemuel
D:9:      layout_irregular_city, minmay_fractal_squares_gapless_7
Temple:   minmay_temple_bridge_abc
Lair:1:   layout_concentric_octagons, lemuel_fruit_tree

Skill      XL: |  1  2  3  4  5  6  7  8  9 10 |
---------------+-------------------------------+-----
Fighting       | 4 5 6 8 9 10 | 10.0
Axes           | 5 6 7 8 9 11 12 | 12.0
Invocations    | 2 5 |  5.0
Shields        | 6 10 | 10.4
Dodging        | |  2.4
Stealth        | |  1.5

Action                   |  1- 3 |  4- 6 |  7- 9 | 10-12 || total
-------------------------+-------+-------+-------+-------++-------
Melee: Hand axe          |    55 |    17 |       |       ||    72
       Whip              |       |    87 |   281 |   136 ||   504
       Punch             |       |       |     9 |       ||     9
 Fire: Hunting sling     |    49 |    44 |    58 |       ||   151
Invok: Convert to Beogh  |       |     1 |       |       ||     1
       Smiting           |       |       |     2 |     2 ||     4
  Use: Potion            |       |       |     1 |     1 ||     2
       Scroll            |       |       |       |     6 ||     6
Armor: Robe              |     9 |       |       |       ||     9
       Chain mail        |    13 |    38 |   165 |    52 ||   268
Dodge: Dodged            |    32 |    31 |   101 |    33 ||   197
Block: Kite shield       |       |       |    18 |    81 ||    99
